 Dungeon Crawl Stone Soup version 0.17.2-1-ge4368a0 (webtiles) character file.

75 Goblin1989 the Grave Robber (level 4, 0/33 HPs)
             Began as a Demonspawn Necromancer on Oct 9, 2016.
             Succumbed to poison (a potion of poison)
             ... on level 4 of the Dungeon.
             The game lasted 00:18:44 (2861 turns).

Goblin1989 the Grave Robber (DsNe)                  Turns: 2861, Time: 00:18:44

Health: 0/33       AC:  3    Str:  8    XL:     4   Next: 11%
Magic:  4/7        EV: 17    Int: 18    God:
Gold:   146        SH:  0    Dex: 18    Spells: 3 memorised, 2 levels left

rFire  . . .     SeeInvis .     i - +0 spear
rCold  . . .     Clarity  .     a - +0 robe
rNeg   . . .     SustAt   .     (no shield)
rPois  .         Gourm    .     (no helmet)
rElec  .         Spirit   .     (no cloak)
rCorr  .         Warding  .     (no gloves)
rMut   .         Stasis   .     (no boots)
MR     .....                    (no amulet)
Stlth  +++.......               (no ring)
                                (no ring)

@: agile, lethally poisoned (0 -> -1), flying, very slightly contaminated,
regenerating, hasted, invisible, very quick, not resistant to hostile
enchantments, fairly stealthy
A: talons 2, rugged brown scales 1
a: no special abilities


You were on level 4 of the Dungeon.
You were very hungry.

You visited 1 branch of the dungeon, and saw 4 of its levels.

You collected 146 gold pieces.

Inventory:

Hand Weapons
 i - a +0 spear (weapon)
Missiles
 n - 2 needles of sleeping
Armour
 a - a +0 robe (worn)
 p - a +0 buckler
 u - a +1 pair of gloves
Jewellery
 t - a +4 ring of strength {unknown}
Scrolls
 e - a scroll of teleportation {unknown}
 j - a scroll of recharging {unknown}
 o - a scroll of magic mapping {unknown}
 w - a scroll of identify {unknown}
 x - a scroll of fear {unknown}
Books
 b - a book of Necromancy

   Spells                             Type                      Level
   a - Pain                           Necromancy                   1
   b - Animate Skeleton               Necromancy                   1
   c - Vampiric Draining              Necromancy                   3
   d - Regeneration                   Charms/Necromancy            3
   e - Animate Dead                   Necromancy                   4
   f - Control Undead                 Necromancy                   4
Comestibles
 c - a bread ration
 d - 2 fruits
 f - 2 meat rations
 h - a royal jelly


   Skills:
 - Level 2.0 Fighting
 + Level 0.3 Polearms
 - Level 1.7 Dodging
 - Level 1.7 Stealth
 + Level 2.1 Spellcasting
 * Level 0.8 Charms
 * Level 5.2 Necromancy


You had 2 spell levels left.
You knew the following spells:

 Your Spells              Type           Power        Failure   Level  Hunger
a - Pain                  Necr           ###.         1%          1    #......
b - Animate Skeleton      Necr           N/A          1%          1    #......
R - Regeneration          Chrm/Necr      ##........   17%         3    ###....


Dungeon Overview and Level Annotations

Branches:
Dungeon (4/15)
 Temple: D:4-7

Altars:
Gozag
Yredelemnul

Shops:
D:4 *

Annotations:
D:3 1 runed door, Grinder


Innate Abilities, Weirdness & Mutations

You have razor-sharp toenails.
You are partially covered in rugged brown scales (AC +1, +3% HP).


Message History

Your skin crawls.
You are feeling very hungry.
The worker ant twitches its antennae in your direction.
* * * LOW HITPOINT WARNING * * *
You feel sick.
You now have 4/7 mp.
* * * LOW HITPOINT WARNING * * *
You feel sick.
* * * LOW HITPOINT WARNING * * *
You feel sick.
You take 1 damage, and have 1/33 hp.
* * * LOW HITPOINT WARNING * * *
You feel sick.
* * * LOW HITPOINT WARNING * * *
You feel sick.
There is an entrance to Xehubut's Assorted Antiques here.
You aren't carrying any potions.
Unknown command.
A giant cockroach comes into view.
You die...

ਜ..ਜਜ ....ਜ .s
ਜਜਜਜਜਜਜਜਜਜਜ....ਜ...
ਜ..............ਜ...
ਜ..................
ਜ.....<............
ਜ..%..a........ਜ...
ਜ.........∩ਜ.......
ਜਜਜਜਜਜ.....@...ਜਜ
.......ਜਜ.ਜ.ਜਜ
...........ਜ ਜ
ਜ........ਜਜਜਜ
ਜਜਜਜਜਜ.ਜਜਜ ਜ. ਜਜ


You could see a worker ant (wandering) and a giant cockroach (sleeping).

Vanquished Creatures
  2 adders (D:2)
  A gnoll (D:2)
  3 giant geckos (D:2)
  2 giant cockroaches (D:2)
  7 goblins
  5 hobgoblins
  9 jackals
  A ball python (D:2)
  2 bats
  3 giant newts (D:2)
  A goblin zombie (D:3)
  6 kobolds
  A kobold skeleton (D:3)
  2 rats (D:2)
45 creatures vanquished.

Vanquished Creatures (collateral kills)
  2 jackals
2 creatures vanquished.

Grand Total: 47 creatures vanquished

Notes
Turn   | Place    | Note
--------------------------------------------------------------
     0 | D:1      | Goblin1989 the Demonspawn Necromancer began the quest for the Orb.
     0 | D:1      | Reached XP level 1. HP: 13/13 MP: 3/3
     2 | D:1      | Learned a level 1 spell: Animate Skeleton
   245 | D:1      | Reached skill level 1 in Fighting
   262 | D:1      | Gained mutation: You are partially covered in rugged brown scales (AC +1, +3% HP). [demonic ancestry]
   262 | D:1      | Reached XP level 2. HP: 6/21 MP: 0/5
  1226 | D:2      | Gained mutation: You have sharp toenails. [demonic ancestry]
  1226 | D:2      | Reached XP level 3. HP: 24/27 MP: 0/6
  1304 | D:2      | Learned a level 3 spell: Regeneration
  1380 | D:2      | Reached skill level 5 in Necromancy
  1827 | D:2      | Found a faded altar to an unknown god.
  2368 | D:3      | Noticed Grinder
  2462 | D:3      | Found an opulent altar of Gozag.
  2593 | D:3      | Gained mutation: You have razor-sharp toenails. [demonic ancestry]
  2593 | D:3      | Reached XP level 4. HP: 28/33 MP: 7/7
  2642 | D:3      | Noticed a human
  2643 | D:3      | Found a runed door.
  2647 | D:3      | Found a basalt altar of Yredelemnul.
  2750 | D:3      | Paralysed by Grinder for 7 turns
  2783 | D:3      | Paralysed by Grinder for 3 turns
  2828 | D:4      | Found Xehubut's Assorted Antiques.
  2858 | D:4      | HP: 1/33 [poison (a potion of poison)]
  2861 | D:4      | Succumbed to poison (a potion of poison)

Action                   |  1- 3 |  4- 6 || total
-------------------------+-------+-------++-------
Melee: Unarmed           |    35 |       ||    35
       Spear             |    53 |    35 ||    88
 Cast: Pain              |    32 |     1 ||    33
       Animate Skeleton  |    12 |     2 ||    14
       Regeneration      |       |     1 ||     1
  Use: Potion            |       |     7 ||     7
 Stab: Sleeping          |     3 |       ||     3
       Invisible         |       |     1 ||     1
  Eat: Chunk             |     6 |       ||     6

Vault maps used:
D:1:      wheals_arrival_shading, serial_forest, infiniplex_forest_lined_corner,
          infiniplex_forest_lined_corner, infiniplex_forest_lined_4_way,
          infiniplex_forest_straight_3, infiniplex_forest_side_room,
          infiniplex_forest_lined_corner, infiniplex_forest_lined_3,
          minivault_25
D:2:      ecumenical_altar_2
D:3:      lemuel_castle_with_subvaults, lemuel_coloured_pillars_altar,
          minivault_14, dk_yredelemnul_ordeal, uniq_grinder
D:4:      lemuel_doored_altar, fedhas_altar_3, temple_pool_a,
          gup_sewer_entry_glass, serial_shops, shop, grunt_dithmenos_shadows
